 Dungeon Crawl Stone Soup version 0.29-a0-1052-g6990b1bffc (webtiles) character file.

Game seed: 5193945713777712487

41 ytrimaz the Insei (level 3, -8/26 HPs)
             Began as a Demonspawn Transmuter on Aug 17, 2022.
             Was a Follower of Sif Muna.
             Mangled by Sigmund
             ... wielding a +0 scythe
              (10 damage)
             ... on level 2 of the Dungeon.
             The game lasted 00:01:23 (1322 turns).

ytrimaz the Insei (Demonspawn Transmuter)           Turns: 1322, Time: 00:01:24

Health: -8/26      AC:  5    Str: 10    XL:     3   Next: 32%
Magic:  6/6        EV: 12    Int: 16    God:    Sif Muna [*.....]
Gold:   54         SH:  0    Dex: 13    Spells: 3/6 levels left

rFire   . . .      SeeInvis .     - Unarmed
rCold   . . .      Faith    .   (no shield)
rNeg    . . .      Spirit   .   a - +0 robe
rPois   .          Reflect  .   (helmet currently unavailable)
rElec   .          Harm     .   (no cloak)
rCorr   .          Rampage  .   (no gloves)
Will    .....                   (boots currently unavailable)
Stlth   +.........              (no amulet)
HPRegen 0.08/turn               (no ring)
MPRegen 0.10/turn               (no ring)

@: appendages (expiring)
A: horns 2, talons 2, thin metallic scales 2
a: End Transformation, Renounce Religion, Channel Magic


You were on level 2 of the Dungeon.
You worshipped Sif Muna.
Sif Muna was aware of your devotion.
You had temporarily grown beastly horns and talons.
You visited 1 branch of the dungeon, and saw 2 of its levels.

You collected 54 gold pieces.

Inventory:

Armour
 a - a +0 robe (worn)
Scrolls
 c - a scroll of torment {unknown}
 f - 3 scrolls of brand weapon
 g - a scroll of identify
Potions
 b - 2 potions of lignification
 d - a potion of heal wounds
 e - a potion of might {unknown}


   Skills:
 + Level 1.0 Fighting
 + Level 2.4 Dodging
 + Level 3.6 Unarmed Combat
 - Level 2.0 Spellcasting
 - Level 1.7 Transmutations


You had 3 spell levels left.
You knew the following spells:

 Your Spells              Type           Power      Damage    Failure   Level
a - Beastly Appendage     Tmut           14%        N/A       10%         1
b - Wereblood             Tmut           7%         N/A       16%         2

Your spell library contained the following spells:

 Spells                   Type           Power      Damage    Failure   Level
 Spider Form              Tmut/Pois      4%         N/A       41%         3
 Ice Form                 Ice/Tmut       4%         N/A       82%         4


Dungeon Overview and Level Annotations

Branches:
Dungeon (2/15)

Altars:
Sif Muna

Annotations:
D:2 Sigmund


Innate Abilities, Weirdness & Mutations

You have temporarily grown beastly horns and talons.
You are mostly covered in thin metallic scales. (AC +3)


Message History

You hit the rat.
You kill the rat!
Sif Muna accepts your kill.
No target in view!
You see here a rat corpse.
Your transformation is almost over.
You open the door.
Sigmund the Dreaded comes into view.
He is wielding a +0 scythe.
Your horns disappear.
Your talons disappear.
Sigmund shouts!
There is an open door here.
Sigmund is nearby!
You grow a pair of large bovine horns.
Your feet morph into talons.
Sigmund hits you from afar with a +0 scythe!
Sigmund completely misses you.
You closely miss Sigmund. Your kick misses Sigmund. You headbutt Sigmund.
Sigmund is lightly wounded.
You hit Sigmund.
Sigmund is moderately wounded.
Sigmund misses you.
You hit Sigmund. Your kick misses Sigmund. You headbutt Sigmund!
Sigmund is almost dead.
Sigmund hits you with a +0 scythe!
You closely miss Sigmund. Your kick misses Sigmund.
Sigmund is almost dead.
You closely miss Sigmund. Your headbutt misses Sigmund.
Sigmund is almost dead.
Your transformation is almost over.
Sigmund's eyes start glowing with a red light.
Sigmund points at you and mumbles some strange words.
The puff of flame hits you!
* * * LOW HITPOINT WARNING * * *
You barely miss Sigmund. Your kick misses Sigmund.
Sigmund is almost dead.
Sigmund gestures wildly while chanting.
Sigmund flickers and vanishes!
Deactivating autopickup; reactivate with Ctrl-A.
Unknown command.
You closely miss something. Your kick misses something. Something hits you!
You die...

##############
#..†..#.......
#########.###.#.)...).
#.......#.# #.#.......
#.......#.# #.#.......
#....@..'.# #>........
#...{...### #.##......
#.......... #.##......
#.......###.#.##......
######### #.##......
#.##...... #.##......
#.##...... #.##......


There were no monsters in sight!

Vanquished Creatures
  An adder (D:2)
  A dart slug (D:1)
  3 endoplasms (D:1)
  A goblin (D:1)
  2 hobgoblins (D:1)
  4 kobolds (D:1)
  A quokka (D:1)
  4 ball pythons (D:1)
  4 bats (D:1)
  3 frilled lizards (D:1)
  5 rats
29 creatures vanquished.

Notes
Turn   | Place    | Note
-------+----------+-------------------------------------------
     0 | D:1      | ytrimaz the Demonspawn Transmuter began the quest for the
                  | Orb.
     0 | D:1      | Reached XP level 1. HP: 15/15 MP: 3/3
   179 | D:1      | Reached skill level 3 in Unarmed Combat
   307 | D:1      | Found a faded altar of an unknown god.
   310 | D:1      | Gained mutation: You are partially covered in thin metallic
                  | scales. (AC +2) [demonic ancestry]
   310 | D:1      | Reached XP level 2. HP: 21/21 MP: 3/5
   318 | D:1      | Prayed at the altar of an unknown god.
   318 | D:1      | Became a worshipper of Sif Muna the Loreminder
   318 | D:1      | Reached * piety under Sif Muna
   907 | D:1      | Gained mutation: You are mostly covered in thin metallic
                  | scales. (AC +3) [demonic ancestry]
   907 | D:1      | Reached XP level 3. HP: 18/26 MP: 4/6
  1155 | D:2      | Learned a level 2 spell: Wereblood
  1311 | D:2      | Noticed Sigmund
  1322 | D:2      | Mangled by Sigmund

Illustrated notes

Levels and vault maps discovered:
D:1:      zaba_arrival_water, layout_basic, hellmonk_ecumenical_altar_crossroads
D:2:      layout_basic, uniq_sigmund

Skill      XL: |  1  2 |
---------------+-------+-----
Unarmed Combat | 3 |  3.6
Dodging        | 2 |  2.4
Fighting       | |  1.0
Spellcasting   | |  2.0
Transmutations | |  1.7

Action                   || total
-------------------------++-------
Melee: Unarmed           ||    75
       Headbutt          ||    10
       Kick              ||    11
       Punch             ||     1
 Cast: Beastly Appendage ||    19
  Use: Scroll            ||     3
 Stab: Sleeping          ||     1
Armor: Robe              ||    28
Dodge: Dodged            ||    47

Table legend: (Time is in decaauts)
 A = Elapsed time spent in this place.
 B = Non-inter-level travel time spent in this place.
 C = Inter-level travel time spent in this place.
 D = Time resting spent in this place.
 E = Time spent auto-exploring this place.
 F = Levels seen in this place.
 G = Mean time per level.
                   A        B        C        D        E       F      G
               +--------+--------+--------+--------+--------+-----+--------+
         Total |   1324 |   1227 |     97 |      0 |   1007 |   2 |  662.0 |
       Dungeon |   1324 |   1227 |     97 |      0 |   1007 |   2 |  662.0 |
               +--------+--------+--------+--------+--------+-----+--------+

Top non-repeatable levels by time:
     D:1: 1151 daAuts
     D:2: 173 daAuts
